 Dungeon Crawl Stone Soup version 0.15.2 (webtiles) character file.

2203 HAWKINGL3623 the Cudgeler (level 9, -5/54 HPs)
             Began as a Gargoyle Gladiator on Feb 6, 2016.
             Was a Believer of Zin.
             Slain by a hippogriff (7 damage)
             ... on Level 7 of the Dungeon on Feb 7, 2016.
             The game lasted 00:35:24 (7917 turns).

HAWKINGL3623 the Cudgeler (Gargoyle Gladiator)      Turns: 7917, Time: 00:35:24

HP  -5/54        AC 15     Str 21      XL: 9   Next: 34%
MP  19/19        EV 12     Int  9      God: Zin [**....]
Gold 101         SH  0     Dex 11      Spells:  1 memorised,  7 levels left

rFire  . . .     SeeInvis .     p - +3 eveningstar (holy)
rCold  . . .     Rnd*Rage +     c - +1 ring mail
rNeg   + . .     rCorr    .     (no shield)
rPois  +         rRot     +     (helmet restricted)
rElec  +         Spirit   .     o - +0 cloak
SustAb .         Warding  .     m - +0 pair of gloves
rMut   .         Stasis   .     (no boots)
Gourm  .                        (no amulet)
MR     .....                    (no ring)
                                h - ring of magical power

@: glowing, not resistant to hostile enchantments, very unstealthy
A: antennae 1, berserk 1, low mp 1, negative energy resistance 1, electricity
resistance, slow healing 1, spit poison 1, unbreathing, petrification
resistance, rot immunity, AC +5
a: Spit Poison, Recite, Vitalisation, Renounce Religion


You were on level 7 of the Dungeon.
You worshipped Zin.
Zin was pleased with you.
You were hungry.

You visited 1 branch of the dungeon, and saw 7 of its levels.
You also visited: Ossuary.

You collected 383 gold pieces.
You spent 210 gold pieces at shops.
You donated 72 gold pieces to Zin.

Inventory:

Hand weapons
 a - a +1 flail
 p - a +3 eveningstar of holy wrath (weapon)
Missiles
 t - 7 tomahawks (quivered)
Armour
 c - a +1 ring mail (worn)
 m - a +0 pair of gloves (worn)
 o - a +0 cloak (worn)
Magical devices
 q - a wand of digging (9)
 r - a wand of digging (8)
 s - a wand of lightning (9)
Comestibles
 f - 4 bread rations
 i - 2 fruits
 j - 5 meat rations
 v - a slice of pizza
Scrolls
 e - 4 scrolls of remove curse
 n - 2 scrolls of identify
Jewellery
 h - a ring of magical power (left hand)
Potions
 b - 2 potions of agility
 g - 4 potions of heal wounds
 k - a potion of magic
 l - 4 potions of curing
Books
 u - a book of Maledictions

   Spells                             Type                      Level
   *Corona                            Hexes                        1
   Sure Blade                         Hexes/Charms                 2
   Ensorcelled Hibernation            Hexes/Ice                    2
   Confuse                            Hexes                        3
   Dazzling Spray                     Conjuration/Hexes            3
   Enslavement                        Hexes                        4


   Skills:
 + Level 5.5 Fighting
 + Level 7.0 Maces & Flails
 + Level 2.9 Throwing
 + Level 5.0 Armour
 + Level 6.0 Dodging
 + Level 2.6 Stealth
 + Level 0.1 Hexes
 + Level 2.5 Invocations


You had 7 spell levels left.
You knew the following spells:

 Your Spells              Type           Power        Failure   Level  Hunger
a - Corona                Hex            #......      38%         1    ##.....


Dungeon Overview and Level Annotations

Branches:
Dungeon (7/15)             Temple (0/1) D:6

Altars:
Cheibriados
Dithmenos
Nemelex Xobeh
Okawaru
Sif Muna
Vehumet
Xom
Zin
The Shining One

Shops:
D:6 %(%

Annotations:
D:7 scrublord's ghost, experienced HOFi


Innate Abilities, Weirdness & Mutations

You are resistant to torment.
You are immune to poison.
Your stone body is very resilient (AC +5).
You resist negative energy.
You are resistant to electric shocks.
You can survive without breathing.
You are immune to petrification.
You are immune to rotting.
You have a pair of small antennae on your head.
You tend to lose your temper in combat.
Your magical capacity is low (-10% MP).
You heal slowly when monsters are visible.
You can spit poison.


Message History

The hippogriff closely misses you. The hippogriff completely misses you.
The hippogriff claws you but does no damage.
Scrublord's ghost closely misses you. The gnoll hits you but does no damage.
The gnoll hits you but does no damage.
Your magical contamination has completely faded away.
You puncture scrublord's ghost!
Scrublord's ghost convulses.
Scrublord's ghost is moderately damaged.
The gnoll hits you but does no damage.
The gnoll hits you from afar with a glowing spear.
The hippogriff bites you!
* * * LOW HITPOINT WARNING * * *
The hippogriff pecks you but does no damage.
The hippogriff claws you but does no damage.
Scrublord's ghost hits you!
* * * LOW HITPOINT WARNING * * *
x2 The gnoll closely misses you.
The gnoll hits you from afar with a glowing spear.
* * * LOW HITPOINT WARNING * * *
The hippogriff bites you!
You die...

#.# ###................%.......
#.# ##.................)))......
#.# ##...........................
#.###............................
...#.............................
..........................)......
.................................
........>........................
.[............gH@................
.............%g)W................
..........................#......
.................................
.................................
......................########...
....................## ...
...................##
...................


You could see a hippogriff, scrublord's ghost and 2 gnolls.

Vanquished Creatures
  The ghost of HAWKINGL3623 the Sneak, an average CeAs (D:4)
  The ghost of HAWKINGL3623 the Shield-Bearer, an average HOFi of Zin (D:6)
  A phantom (D:4)
  A sky beast (D:6)
  An ogre (D:5)
  A necrophage (D:7)
  A black bear (D:7)
  2 giant frogs (D:6)
  A scorpion (D:4)
  A gnoll shaman (D:7)
  4 orc priests
  A goliath beetle (D:4)
  A hound (D:4)
  2 iguanas
  A giant frog zombie (D:6)
  9 orc wizards
  4 worker ants
  An elf skeleton (D:7)
  A hound skeleton (D:5)
  10 mummies (Ossuary)
  7 adders
  7 gnolls (D:7)
  A shadow imp (D:6)
  A worm (D:3)
  An adder zombie (D:6)
  An ooze (D:1)
  20 orcs
  16 bats
  A bat skeleton (D:4)
  2 giant cockroaches (D:1)
  11 hobgoblins
  17 jackals
  8 kobolds
  3 ball pythons
  7 giant newts
  3 gnoll skeletons (Ossuary)
  11 goblins
  3 goblin skeletons (Ossuary)
  An orc skeleton (Ossuary)
  4 quokkas
  9 rats
  11 rat skeletons (Ossuary)
  A plant (D:4)
191 creatures vanquished.

Notes
Turn   | Place    | Note
--------------------------------------------------------------
     0 | D:1      | HAWKINGL3623, the Gargoyle Gladiator, began the quest for the Orb.
     0 | D:1      | Reached XP level 1. HP: 12/12 MP: 1/1
   128 | D:1      | Gained mutation: You tend to lose your temper in combat. [potion of mutation]
   128 | D:1      | Gained mutation: You have a pair of small antennae on your head. [potion of mutation]
   128 | D:1      | Gained mutation: You heal slowly when monsters are visible. [potion of mutation]
   450 | D:1      | Reached XP level 2. HP: 17/17 MP: 2/2
  1075 | D:2      | Reached XP level 3. HP: 18/21 MP: 3/3
  1163 | D:2      | Found a glowing golden altar of the Shining One.
  1173 | D:2      | Became a worshipper of the Shining One
  1259 | D:2      | Reached skill level 1 in Armour
  1587 | D:2      | Reached XP level 4. HP: 26/26 MP: 4/4
  2329 | D:3      | Gained mutation: Your magical capacity is low (-10% MP). [potion of mutation]
  2329 | D:3      | Gained mutation: Your magical capacity is very low (-20% MP). [potion of mutation]
  2389 | D:3      | Found a deep blue altar of Sif Muna.
  2400 | D:3      | Reached XP level 5. HP: 29/31 MP: 4/4
  3107 | D:4      | Found a sand-covered staircase.
  3112 | Ossuary  | Entered an ossuary
  3251 | Ossuary  | Gained mutation: You are covered in fur (AC +1). [potion of beneficial mutation]
  3324 | Ossuary  | Acquired the Shining One's first power
  3681 | Ossuary  | Reached XP level 6. HP: 21/36 MP: 4/4
  3711 | Ossuary  | Reached skill level 4 in Dodging
  4331 | D:4      | Noticed a phantom
  4343 | D:4      | Killed a phantom
  4343 | D:4      | Reached skill level 1 in Stealth
  4392 | D:4      | Found a shimmering altar of Xom.
  4400 | D:4      | Acquired the Shining One's second power
  4400 | D:4      | Reached XP level 7. HP: 27/41 MP: 5/5
  4712 | D:4      | Got a bloodstained robe
  4713 | D:4      | Identified the cursed -2 robe of Divine Compulsion {Str+3 Int+1} (You found it on level 4 of the Dungeon)
  4784 | D:4      | Noticed HAWKINGL3623's ghost (average CeAs)
  4804 | D:4      | Killed HAWKINGL3623's ghost
  4804 | D:4      | Reached skill level 5 in Maces & Flails
  4804 | D:4      | Reached XP level 8. HP: 44/48 MP: 6/6
  5379 | D:5      | Entered Level 5 of the Dungeon
  5707 | D:5      | Identified a scroll of acquirement
  5728 | D:5      | Reached skill level 5 in Dodging
  5770 | D:5      | Lost mutation: You are covered in fur (AC +1). [potion of mutation]
  5770 | D:5      | Lost mutation: Your magical capacity is very low (-20% MP). [potion of mutation]
  5770 | D:5      | Gained mutation: You can spit poison. [potion of mutation]
  6221 | D:6      | Found Chiokama's Food Shoppe.
  6226 | D:6      | Bought a meat ration for 70 gold pieces
  6226 | D:6      | Bought a bread ration for 70 gold pieces
  6265 | D:6      | Reached skill level 5 in Fighting
  6389 | D:6      | Reached skill level 6 in Maces & Flails
  6474 | D:6      | Found a staircase to the Ecumenical Temple.
  6568 | D:6      | Found Sehim's Food Boutique.
  6571 | D:6      | Bought a meat ration for 70 gold pieces
  6573 | D:6      | Noticed HAWKINGL3623's ghost (average HOFi)
  6583 | D:6      | Killed HAWKINGL3623's ghost
  6692 | D:6      | Found Enaulum's Antique Weapon Shoppe.
  6717 | D:6      | Found a glowing silver altar of Zin.
  6729 | D:6      | Found a sparkling altar of Nemelex Xobeh.
  6730 | D:6      | Found an iron altar of Okawaru.
  6732 | D:6      | Found a radiant altar of Vehumet.
  6739 | D:6      | Fell from the grace of the Shining One
  6739 | D:6      | Became a worshipper of Zin the Law-Giver
  6739 | D:6      | Acquired Zin's first power
  6740 | D:6      | Donated 55 gold pieces to Zin
  6791 | D:6      | Found a snail-covered altar of Cheibriados.
  6822 | D:6      | Found a shadowy altar of Dithmenos.
  6839 | D:6      | Acquired Zin's second power
  6910 | D:6      | Reached XP level 9. HP: 50/54 MP: 8/8
  7308 | D:7      | Reached skill level 1 in Invocations
  7547 | D:7      | Reached skill level 5 in Armour
  7767 | D:7      | Learned a level 1 spell: Corona
  7798 | D:7      | Reached skill level 7 in Maces & Flails
  7902 | D:7      | Noticed scrublord's ghost (experienced HOFi)
  7917 | D:7      | HP: 2/54 [gnoll/glowing spear (1)]
  7917 | D:7      | Slain by a hippogriff

Action                   |  1- 3 |  4- 6 |  7- 9 || total
-------------------------+-------+-------+-------++-------
Melee: Flail             |   129 |   230 |   188 ||   547
       Eveningstar       |       |       |   132 ||   132
Throw: Throwing net      |     7 |     6 |     5 ||    18
       Tomahawk          |       |       |     5 ||     5
Invok: Recite            |       |       |     8 ||     8
 Abil: Spit Poison       |       |       |     5 ||     5
  Use: Scroll            |     5 |    11 |    10 ||    26
       Potion            |     2 |    12 |     5 ||    19
 Stab: Held in net/web   |       |     3 |     4 ||     7
  Eat: Chunk             |     2 |     3 |     1 ||     6
       Bread ration      |       |     2 |       ||     2
       Fruit             |       |     1 |     1 ||     2
       Meat ration       |       |       |     2 ||     2
       Royal jelly       |       |       |     1 ||     1
